 Dungeon Crawl Stone Soup version 0.18-a0-1045-g4e042de (webtiles) character file.

933 kroki the Ducker (level 7, 0/55 HPs)
             Began as a Spriggan Berserker on Jan 12, 2016.
             Was a Priest of Trog.
             Killed from afar by an orc wizard (8 damage)
             ... with a magic dart
             ... on level 5 of the Dungeon.
             The game lasted 00:07:26 (5069 turns).

kroki the Ducker (Spriggan Berserker)               Turns: 5069, Time: 00:07:26

Health: 0/55       AC:  2    Str: 24    XL:     7   Next: 86%
Magic:  10/11      EV: 23    Int:  8    God:    Trog [***...]
Gold:   222        SH:  0    Dex: 18    Spells: 0 memorised, 6 levels left

rFire  . . .     SeeInvis +     a - +0 short sword
rCold  . . .     Gourm    .     b - +0 animal skin
rNeg   . . .     Faith    .     (shield restricted)
rPois  .         Spirit   .     (helmet restricted)
rElec  .         Dismiss  .     (no cloak)
rCorr  .         Reflect  .     (gloves unavailable)
SustAt .         Harm     .     (boots unavailable)
MR     +++..                    (no amulet)
Stlth  ..........               n - +2 ring of slaying
                                i - +6 ring of strength

@: berserking, regenerating, very quick, extremely resistant to hostile
enchantments, extremely unstealthy
A: unfitting armour, see invisible, herbivore 3, speed 3, slow metabolism 2
a: Berserk, Trog's Hand, Burn Spellbooks, Renounce Religion


You were on level 5 of the Dungeon.
You worshipped Trog.
Trog was most pleased with you.
You were not hungry.

You visited 1 branch of the dungeon, and saw 5 of its levels.

You collected 222 gold pieces.

Inventory:

Hand Weapons
 a - a +0 short sword (weapon)
Missiles
 d - 60 poisoned needles
 q - 8 tomahawks (quivered)
Armour
 b - a +0 animal skin (worn)
Jewellery
 i - a +6 ring of strength (left hand)
   (You found it on level 2 of the Dungeon)
 k - an uncursed ring of fire {rF+, rC-}
   (You took it off an orc on level 3 of the Dungeon)
 n - a +2 ring of slaying (right hand)
   (You found it on level 4 of the Dungeon)
 p - an uncursed amulet of harm
   (You took it off a kobold on level 3 of the Dungeon)
 r - an uncursed ring of fire {rF+, rC-}
   (You found it on level 4 of the Dungeon)
 t - a +2 ring of dexterity
   (You found it on level 4 of the Dungeon)
Wands
 c - a wand of paralysis (12/24)
   (You found it on level 5 of the Dungeon)
Scrolls
 f - 4 scrolls of remove curse
 l - 5 scrolls of amnesia
Potions
 e - 3 potions of resistance
 g - a potion of flight
 h - a potion of brilliance
 j - a potion of haste {unknown}
 m - a potion of heal wounds {unknown}
 o - 2 potions of curing
 s - a potion of lignification {unknown}


   Skills:
 - Level 4.0 Fighting
 - Level 5.9 Short Blades
 - Level 7.3 Dodging
 - Level 6.1 Stealth
 + Level 4.1 Evocations


You had 6 spell levels left.
You didn't know any spells.

Dungeon Overview and Level Annotations

Branches:
Dungeon (5/15)
 Temple: D:4-7

Altars:
Cheibriados
Elyvilon
Gozag
Kikubaaqudgha
Okawaru
Pakellas
Xom
Yredelemnul
The Shining One

Shops:
D:4 [

Annotations:
D:5 exclusion: slave, Pikel


Innate Abilities, Weirdness & Mutations

You are tiny and cannot use many weapons and most armour.
You have supernaturally acute eyesight.
You are a herbivore.
You cover ground extremely quickly.
You need consume almost no food.


Message History

You swing at nothing.
You swing at nothing.
You hit the crimson imp. The crimson imp hits you.
You take 4 damage, and have 21/37 hp.
You barely miss the crimson imp. The crimson imp closely misses you.
You barely miss the crimson imp. The crimson imp closely misses you.
You closely miss the crimson imp. The crimson imp misses you.
You hit the crimson imp. You closely miss the crimson imp.
The crimson imp misses you.
You puncture the crimson imp! The crimson imp barely misses you.
You barely miss the crimson imp.
The crimson imp blinks!
You swing at nothing.
The crimson imp closely misses you.
You swing at nothing.
You swing at nothing.
The crimson imp barely misses you.
You swing at nothing.
The crimson imp misses you.
You closely miss the crimson imp.
The crimson imp blinks!
Aim: a crimson imp (chance to defeat MR: 34%)
Okay, then.
Read which item? (? for menu, Esc to quit)
As you read the scroll labeled TUIZENOSITT, it crumbles to dust.
The creatures around you are filled with an inner flame!
It was a scroll of immolation.
The crimson imp completely misses you.
Read which item? (? for menu, Esc to quit)
Identify which item? (\ to view known items) (? for menu, Esc to quit)
As you read the scroll of identify, it crumbles to dust.
c - a wand of paralysis (15/24)
The crimson imp blinks!
Aim: a crimson imp (inner flame, chance to defeat MR: 34%)
The crimson imp suddenly stops moving!
This wand has 14 charges left.
The helpless crimson imp fails to defend itself.
You stick the crimson imp like a pincushion!!!
The crimson imp explodes!
The fiery explosion engulfs you!
Ouch! That really hurt!
* * * LOW HITPOINT WARNING * * *
Trog accepts your kill.
Your Evocations skill increases to level 3!
You take 22 damage, and have 1/37 hp.
MASSIVE DAMAGE!!
A worm comes into view.
A worm is nearby!
You regained 6 hp, and now have 7/37 hp.
A worm is nearby!
A worm is nearby!
A worm is nearby!
Your skin crawls.
You feel resistant to hostile enchantments.
You feel slightly more hungry.
A hound skeleton comes into view.
The helpless worm fails to defend itself.
You impale the worm!!
You kill the worm!
Trog accepts your kill.
The hound skeleton bites you but does no damage.
You hit the hound skeleton. The hound skeleton bites you.
You puncture the hound skeleton!
The hound skeleton completely misses you.
You hit the hound skeleton. The hound skeleton misses you.
You puncture the hound skeleton! The hound skeleton bites you.
You take 2 damage, and have 13/37 hp.
You hit the hound skeleton.
You destroy the hound skeleton!
An orc priest comes into view. It is wielding a hand axe.
An orc priest is nearby!
An orc priest is nearby!
An orc wizard comes into view. It is wielding a dagger.
The orc wizard shouts!
You see here a scroll labeled CUMIRU GALUCE.
An orc comes into view. It is wielding a whip.
An orc wizard comes into view. It is wielding a dagger.
The orc priest mumbles some strange prayers to Beogh against you.
Something smites you!
* * * LOW HITPOINT WARNING * * *
The orc shouts!
The orc wizard shouts!
You hear a shout!
You take 12 damage, and have 5/37 hp.
MASSIVE DAMAGE!!
Aim: an orc priest, wielding a hand axe and wearing a ring mail (chance to defeat MR: 53%)
The orc priest resists with significant effort.
This wand has 13 charges left.
The orc wizard gestures wildly while chanting.
The orc wizard seems to speed up.
Unknown command.
Aim: an orc priest, wielding a hand axe and wearing a ring mail (chance to defeat MR: 53%)
The orc priest suddenly stops moving!
This wand has 12 charges left.
The helpless orc priest fails to defend itself.
You stick the orc priest like a pincushion!!!
You kill the orc priest!
Trog accepts your kill.
Your Evocations skill increases to level 4!
The orc wizard hits you with a dagger.
* * * LOW HITPOINT WARNING * * *
The orc wizard mumbles some strange words.
The orc wizard blinks!
You take 3 damage, and have 5/37 hp.
A red film seems to cover your vision as you go berserk!
You feel yourself moving faster!
You feel mighty!
You feel somewhat more hungry. The orc wizard completely misses you.
The orc wizard points at you and mumbles some strange words.
The magic dart hits you!
You die...

## .. ##. o.
#.# #o######
#o)....#
#.@....#
#.....%#
########
#......#
#......#
####.?....#
#.####.#
#.........#
#.####.#
#.#######.#
#.#.##(#. #.#
.#
#...##.#.##.#
#
#.#.##.#.##.#


You could see 2 orc wizards and an orc.

Vanquished Creatures
  The ghost of M4edhros the Sneak, a novice OpAr of Fedhas (D:3)
  An ogre (D:4)
  A giant frog (D:5)
  2 scorpions (D:4)
  A crimson imp (D:5)
  2 hounds
  A centaur skeleton (D:4)
  An orc priest (D:5)
  2 iguanas
  A worker ant (D:5)
  A hound skeleton (D:5)
  4 gnolls
  6 adders
  2 shadow imps (D:5)
  3 oozes (D:1)
  An adder skeleton (D:4)
  A worm (D:5)
  3 giant geckos
  9 orcs
  2 ball pythons
  2 giant cockroaches
  10 goblins
  5 hobgoblins
  2 quokkas
  8 bats
  4 giant newts
  9 kobolds
  6 rats
91 creatures vanquished.

Notes
Turn   | Place    | Note
--------------------------------------------------------------
     0 | D:1      | kroki the Spriggan Berserker began the quest for the Orb.
     0 | D:1      | Reached XP level 1. HP: 11/11 MP: 2/2
   288 | D:1      | Reached XP level 2. HP: 16/16 MP: 3/3
   421 | D:1      | Reached skill level 1 in Stealth
   882 | D:1      | Reached XP level 3. HP: 19/19 MP: 4/4
  1070 | D:2      | Reached skill level 5 in Dodging
  1070 | D:2      | Reached skill level 2 in Stealth
  1252 | D:2      | Found a snail-covered altar of Cheibriados.
  1417 | D:2      | Found a white marble altar of Elyvilon.
  1459 | D:2      | Reached ** piety under Trog
  1503 | D:2      | Found a basalt altar of Yredelemnul.
  1821 | D:2      | Found an ancient bone altar of Kikubaaqudgha.
  1821 | D:2      | Found an opulent altar of Gozag.
  1867 | D:2      | Reached skill level 4 in Short Blades
  2015 | D:3      | Reached XP level 4. HP: 20/23 MP: 5/5
  2044 | D:3      | Found an oddly glowing altar of Pakellas.
  2068 | D:3      | Found a glowing golden altar of the Shining One.
  2539 | D:3      | Noticed M4edhros's ghost (novice OpAr)
  2550 | D:3      | Killed M4edhros's ghost
  2550 | D:3      | Reached skill level 3 in Fighting
  2550 | D:3      | Reached skill level 6 in Dodging
  2550 | D:3      | Reached skill level 4 in Stealth
  2550 | D:3      | Reached XP level 5. HP: 23/28 MP: 6/6
  2550 | D:3      | Reached XP level 6. HP: 26/32 MP: 7/7
  2668 | D:3      | Found a shimmering altar of Xom.
  3605 | D:3      | Reached skill level 5 in Short Blades
  3694 | D:4      | Reached skill level 5 in Stealth
  3865 | D:4      | Found Mogie's Armour Shop.
  3908 | D:4      | Reached XP level 7. HP: 37/37 MP: 8/8
  3995 | D:4      | Reached skill level 7 in Dodging
  4111 | D:4      | Reached *** piety under Trog
  4182 | D:4      | Reached skill level 4 in Fighting
  4298 | D:4      | Found an iron altar of Okawaru.
  4574 | D:5      | Entered Level 5 of the Dungeon
  4578 | D:5      | Reached skill level 6 in Stealth
  4632 | D:5      | Reached skill level 1 in Evocations
  4747 | D:5      | Noticed Pikel
  4870 | D:5      | Reached skill level 2 in Evocations
  4961 | D:5      | HP: 1/37 [crimson imp/exploding inner flame[the player character] (22)]
  4961 | D:5      | Reached skill level 3 in Evocations
  5064 | D:5      | HP: 5/37 [orc priest/divine providence (13)]
  5068 | D:5      | Reached skill level 4 in Evocations
  5069 | D:5      | Killed from afar by an orc wizard

Vault maps used:
D:1:      dpeg_arrival_rooms_c, supply_closet_lemuel, minmay_tree_intersection,
          grunt_decor_mini_mirrors
D:2:      elyvilon_altar_4, old_standard_altar, yredelemnul_altar_generic,
          gammafunk_temple_overflow_elements
D:3:      xom_teletrap_fun, grunt_pakellas_salt, nicolae_tso_swordbearing_angel
D:4:      okawaru_altar_gauntlet_db, serial_shops, kennysheep_mini,
          moated_statue, kennysheep_generic_room_15
D:5:      kennysheep_mini_moat, lemuel_round_altar,
          nicolae_overflow_hidden_temple, first_bread, uniq_edmund, uniq_pikel

Action                   |  1- 3 |  4- 6 |  7- 9 || total
-------------------------+-------+-------+-------++-------
Melee: Short sword       |   138 |   116 |   140 ||   394
Throw: Tomahawk          |    15 |    32 |       ||    47
Invok: Berserk           |     2 |     3 |     3 ||     8
       Trog's Hand       |       |       |     2 ||     2
Evoke: Wand              |       |       |     3 ||     3
  Use: Scroll            |     5 |     3 |     4 ||    12
 Stab: Sleeping          |     1 |     4 |     6 ||    11
       Paralysed         |       |       |     2 ||     2
       Distracted        |       |       |     1 ||     1
  Eat: Fruit             |       |     4 |     3 ||     7
       Bread ration      |       |       |     1 ||     1

Vault maps used:
D:1:      dpeg_arrival_rooms_c, supply_closet_lemuel, minmay_tree_intersection,
          grunt_decor_mini_mirrors
D:2:      elyvilon_altar_4, old_standard_altar, yredelemnul_altar_generic,
          gammafunk_temple_overflow_elements
D:3:      xom_teletrap_fun, grunt_pakellas_salt, nicolae_tso_swordbearing_angel
D:4:      okawaru_altar_gauntlet_db, serial_shops, kennysheep_mini,
          moated_statue, kennysheep_generic_room_15
D:5:      kennysheep_mini_moat, lemuel_round_altar,
          nicolae_overflow_hidden_temple, first_bread, uniq_edmund, uniq_pikel

Table legend:
 A = Turns spent in this place as a percentage of turns spent in the entire game.
 B = Non-inter-level travel turns spent in this place as a percentage of non-inter-level travel turns spent in the entire game.
 C = Inter-level travel turns spent in this place as a percentage of turns spent in this place.
 D = Turns resting spent in this place as a percentage of non-inter-level travel turns spent in this place.
 E = Turns spent auto-exploring this place as a percentage of non-inter-level travel turns spent in this place.
 F = Non-inter-level travel turns spent in this place divided by the number of levels of this place that you've seen.
                   A       B       C       D       E      F
               +-------+-------+-------+-------+-------+----------------------
         Total | 100.0 | 100.0 |   0.3 |   2.2 |   6.9 | 408.6
       Dungeon | 100.0 | 100.0 |   0.3 |   2.2 |   6.9 | 408.6
               +-------+-------+-------+-------+-------+----------------------

Table legend:
 A = Kills in this place as a percentage of kills in entire the game.
 B = Kills by you in this place as a percentage of kills by you in the entire game.
 C = Kills by friends in this place as a percentage of kills by friends in the entire game.
 D = Other kills in this place as a percentage of other kills in the entire game.
 E = Experience gained in this place as a percentage of experience gained in the entire game.
 F = Experience gained in this place divided by the number of levels of this place that you have seen.
                   A       B       C       D       E      F
               +-------+-------+-------+-------+-------+----------------------
         Total | 100.0 | 100.0 |  -nan |  -nan | 100.0 | 266.6
       Dungeon | 100.0 | 100.0 |  -nan |  -nan | 100.0 | 266.6
               +-------+-------+-------+-------+-------+----------------------
